 Seeded DCSS version 0.29.1-1-gd02db6906a (webtiles) character file.

Game seed: 1 (custom seed)

95 Kazon the Covered (level 4, -12/35 HPs)
             Began as a Human Fighter on Oct 14, 2022.
             Killed by divine providence
             ... invoked by an orc priest
              (16 damage)
             ... on level 3 of the Dungeon.
             The game lasted 00:07:24 (2224 turns).

Kazon the Covered (Human Fighter)                   Turns: 2224, Time: 00:07:24

Health: -12/35     AC: 11    Str: 19    XL:     4   Next: 95%
Magic:  4/4        EV:  9    Int:  8    God:
Gold:   1242       SH:  4    Dex: 12    Spells: 3/3 levels left

rFire   . . .      SeeInvis .   s - +3 falchion of Winter {venom, rCorr}
rCold   . . .      Faith    .   c - +0 buckler
rNeg    . . .      Spirit   .   b - +0 scale mail
rPois   .          Reflect  .   k - +0 helmet
rElec   .          Harm     .   (no cloak)
rCorr   +          Rampage  .   (no gloves)
Will    .....                   n - +2 pair of boots
Stlth   ..........              p - amulet of the acrobat
HPRegen 0.11/turn               (no ring)
MPRegen 0.09/turn               (no ring)

@: no status effects
A: no striking features
a: no special abilities


You were on level 3 of the Dungeon.
You visited 1 branch of the dungeon, and saw 3 of its levels.

You collected 1426 gold pieces.
You spent 184 gold pieces at shops.

Inventory:

Hand Weapons
 a - a +0 long sword
 e - a +2 dagger of venom
 s - the +3 falchion of Winter (weapon) {venom, rCorr}
   (You bought it in a shop on level 3 of the Dungeon)

   It poisons the flesh of those it strikes.
   rCorr:     It protects you from acid and corrosion.
Missiles
 i - 13 stones (quivered)
 l - 3 boomerangs
 r - a throwing net
Armour
 b - a +0 scale mail (worn)
 c - a +0 buckler (worn)
 k - a +0 helmet (worn)
 n - a +2 pair of boots (worn)
Jewellery
 p - an amulet of the acrobat (around neck)
 t - a ring of positive energy
Scrolls
 j - 6 scrolls of identify {unknown}
 o - a scroll of immolation {unknown}
 q - a scroll of fog {unknown}
Potions
 d - a potion of might
 f - a potion of haste {unknown}
 g - a potion of flight {unknown}
 h - a potion of attraction {unknown}
 m - 2 potions of berserk rage {unknown}


   Skills:
 * Level 3.2 Fighting
 + Level 0.1(2.0) Short Blades
 + Level 3.3 Long Blades
 * Level 0.2 Throwing
 + Level 3.6 Armour
 + Level 0.4 Dodging
 + Level 0.2 Stealth
 + Level 3.4 Shields


You had 3 spell levels left.
You didn't know any spells.
Your spell library contained the following spells:

 Spells                   Type           Power      Damage    Failure   Level
 Apportation              Tloc           0%         N/A       86%         1
 Necrotise                Necr           0%         1d4       86%         1
 Sting                    Tmut/Pois      0%         1d3       86%         1
 Summon Small Mammal      Summ           0%         N/A       86%         1
 Poisonous Vapours        Pois/Air       0%         N/A       94%         2
 Olgreb's Toxic Radiance  Pois           0%         N/A       100%        4


Dungeon Overview and Level Annotations

Branches:
Dungeon (3/15)

Altars:

Shops:
D:3 (


Message History

Beogh smites you! The orc closely misses you.
The orc throws a boomerang.
The boomerang completely misses you.
You hit the orc.
The orc is moderately wounded.
You block the orc's attack. The orc barely misses you.
You hit the orc.
The orc is poisoned.
The orc is moderately wounded.
You block the orc's attack. The orc hits you but does no damage. x2
The orc closely misses you.
You slash the orc!
You kill the orc! x2
The orc completely misses you.
You barely miss the orc. The orc closely misses you.
You block the orc's attack.
You slash the orc!
You kill the orc!
The orc hits you with a +0 mace!
You hit the orc.
The orc is poisoned.
The orc is heavily wounded.
The orc hits you with a +0 mace.
* * * LOW HITPOINT WARNING * * *
The orc priest miscasts a cantrip.
The orc priest hits you but does no damage.
The orc hits you with a +0 mace.
* * * LOW HITPOINT WARNING * * *
You slash the orc priest!
The orc priest is poisoned.
The orc priest is heavily wounded.
The orc hits you with a +0 mace.
* * * LOW HITPOINT WARNING * * *
The orc priest hits you with a +0 flail.
* * * LOW HITPOINT WARNING * * *
You barely miss the orc priest.
The orc priest is heavily wounded.
The orc hits you but does no damage. The orc priest barely misses you.
You barely miss the orc priest.
The orc priest is heavily wounded.
The orc hits you but does no damage.
The orc priest calls down the wrath of Beogh upon you.
Beogh smites you!
You die...

.# ##########.....## ##
#...............##
#................#####
#.....................
#.............#.......
#.^...........#......
#.............#....
#..........#.#.#.#.#.....
#...........)@o..........
####..........#o##+##.#.....
................# ...o...
..............#.+ .#...
........#..#.#..# .o.
.#.#.#.#.#.#..#.##+##.##
...........##......oo..#
##.#.#.#.#.####.#.#.#.##
#..........# #########


You could see an orc priest (very poisoned) and an orc (very poisoned).

Vanquished Creatures
  3 gnolls (D:2)
  An adder (D:2)
  A worm (D:2)
  3 orcs (D:3)
  9 endoplasms
  A giant cockroach (D:1)
  7 goblins
  6 hobgoblins
  3 kobolds
  A quokka (D:1)
  2 ball pythons (D:2)
  3 bats
  3 frilled lizards
  5 rats
48 creatures vanquished.

Notes
Turn   | Place    | Note
-------+----------+-------------------------------------------
     0 | D:1      | Kazon the Human Fighter began the quest for the Orb.
     0 | D:1      | Reached XP level 1. HP: 18/18 MP: 1/1
    32 | D:1      | Identified a scroll of acquirement
    32 | D:1      | Acquired 1220 gold pieces
   104 | D:1      | Reached XP level 2. HP: 18/24 MP: 2/2
   833 | D:1      | Reached XP level 3. HP: 29/29 MP: 3/3
  1584 | D:2      | Reached XP level 4. HP: 35/35 MP: 4/4
  1978 | D:3      | Found Umat's Antique Weapon Boutique.
  2005 | D:3      | Bought a crude falchion for 184 gold pieces
  2005 | D:3      | Identified the +3 falchion of Winter {venom, rCorr} (You
                  | bought it in a shop on level 3 of the Dungeon)
  2224 | D:3      | Killed from afar by an orc priest

Illustrated notes

Levels and vault maps discovered:
D:1:      dpeg_arrival_three_smaller_balls, layout_basic
D:2:      layout_loops_ring
D:3:      layout_basic, serial_shops, nicolae_shop_stone, st_stairs_9,
          minmay_misc_feat_doors, eino_curves_03, uniq_robin

Skill      XL: |  1  2  3  4 |
---------------+-------------+-----
Long Blades    | 3 |  3.3
Fighting       | |  3.2
Short Blades   | |  0.1
Throwing       | |  0.2
Armour         | |  3.6
Dodging        | |  0.4
Stealth        | |  0.2
Shields        | |  3.4

Action                   |  1- 3 |  4- 6 || total
-------------------------+-------+-------++-------
Melee: Long sword        |   117 |       ||   117
       Dagger            |     2 |    19 ||    21
       Falchion          |       |    25 ||    25
Throw: Stone             |       |    13 ||    13
  Use: Scroll            |     1 |       ||     1
Armor: Scale mail        |    55 |    14 ||    69
Dodge: Dodged            |    59 |    36 ||    95
Block: Buckler           |    28 |     7 ||    35
